 Dungeon Crawl Stone Soup version 0.23.2-40-g277498a001 (webtiles) character file.

Game seed: 12826836850384039105

58 DildoBatman the Conjurer (level 4, -1/30 HPs)
             Began as a Formicid Wizard on Sept 5, 2019.
             Slain by an adder (5 damage)
             ... on level 2 of the Dungeon.
             The game lasted 00:02:39 (1139 turns).

DildoBatman the Conjurer (Formicid Wizard)          Turns: 1139, Time: 00:02:39

Health: -1/30      AC:  2    Str: 12    XL:     4   Next: 21%
Magic:  4/8        EV: 12    Int: 18    God:
Gold:   75         SH:  0    Dex:  9    Spells: 2/9 levels left

rFire    . . .     SeeInvis +   a - +0 flail
rCold    . . .     Gourm    .   (no shield)
rNeg     . . .     Faith    .   j - +0 robe
rPois    .         Spirit   .   (helmet unavailable)
rElec    .         Reflect  .   (no cloak)
rCorr    .         Harm     .   (no gloves)
MR       .....                  (no boots)
Stlth    ++........             h - amulet of the acrobat
HPRegen  0.10/turn              (no ring)
MPRegen  0.11/turn              (no ring)

@: no status effects
A: permanent stasis, dig shafts and tunnels, four strong arms, antennae 3
a: Dig, Shaft Self


You were on level 2 of the Dungeon.
You were hungry.

You visited 1 branch of the dungeon, and saw 2 of its levels.

You collected 75 gold pieces.

Inventory:

Hand Weapons
 a - a +0 flail (weapon)
 b - a +0 club
Missiles
 d - 12 stones (quivered)
Armour
 j - a +0 robe (worn)
Jewellery
 h - an amulet of the acrobat (around neck)
 o - an uncursed ring of flight {unknown}
Scrolls
 l - 2 scrolls of identify {unknown}
 m - a scroll of random uselessness {unknown}
 n - a scroll of immolation {unknown}
Potions
 c - a potion of might {unknown}
 e - a potion of brilliance {unknown}
 g - 2 potions of degeneration {unknown}
 i - a potion of berserk rage {unknown}
 k - a potion of curing {unknown}
Comestibles
 f - 5 chunks of flesh
 v - a ration


   Skills:
 - Level 1.7 Dodging
 - Level 2.4 Stealth
 - Level 3.2 Spellcasting
 * Level 3.4 Conjurations
   Level 1.0 Summonings
   Level 0.8 Translocations


You had 2 spell levels left.
You knew the following spells:

 Your Spells              Type           Power        Failure   Level  Hunger
a - Conjure Flame         Conj/Fire      #.......     24%         3    ###....
c - Magic Dart            Conj           ###.         4%          1    None
e - Mephitic Cloud        Conj/Pois/Air  #.......     30%         3    ###....

Your spell library contained the following spells:

 Spells                   Type           Power        Failure   Level  Hunger
 Call Imp                 Summ           #.......     16%         2    ##.....
 Slow                     Hex            #.......     24%         2    ##.....
 Blink                    Tloc           Unusable     N/A         2    N/A

Dungeon Overview and Level Annotations

Branches:
Dungeon (2/15)

Altars:


Innate Abilities, Weirdness & Mutations

You cannot be hasted, slowed, berserked, paralysed or teleported.
You can dig through walls and to a lower floor.
Your four strong arms can wield two-handed weapons with a shield.
You have a pair of large antennae on your head. (SInv)


Message History

You shout for attention!
The adder bites you. What are your orders? t - Shout!
Orders for allies: a - Attack new target. p - Attack previous target. r - Retreat! s - Stop attacking. g - Guard the area. f - Follow me.
Anything else - Cancel.
You shout for attention!
The adder bites you. What are your orders? t - Shout!
Orders for allies: a - Attack new target. p - Attack previous target. r - Retreat! s - Stop attacking. g - Guard the area. f - Follow me.
Anything else - Cancel.
You shout for attention!
The adder barely misses you. The adder bites you.
You die...

#......... #......... .
###......... .[########
#........... .........#
#...........
.........####...........
........†...............
.........####.#.#..#####
......S@......#.#.......
..................>#####
..............#.#..#
##..####.####.#.#..# ##
#.####.#.#..#
#........#..#
#......###..#
........÷....#
##.....####'######


You could see an adder.

Vanquished Creatures
  An adder (D:2)
  A gnoll (D:1)
  An ooze (D:1)
  5 leopard geckos
  5 bats
  2 giant cockroaches (D:1)
  6 hobgoblins (D:1)
  2 kobolds (D:1)
  A ball python (D:1)
  A frilled lizard (D:1)
  3 goblins (D:1)
  2 rats (D:1)
30 creatures vanquished.

Notes
Turn   | Place    | Note
-------+----------+-------------------------------------------
     0 | D:1      | DildoBatman the Formicid Wizard began the quest for the
                  | Orb.
     0 | D:1      | Reached XP level 1. HP: 13/13 MP: 4/4
    33 | D:1      | Reached skill level 1 in Conjurations
   113 | D:1      | Reached XP level 2. HP: 19/19 MP: 0/6
   330 | D:1      | Reached XP level 3. HP: 23/24 MP: 0/7
   335 | D:1      | Learned a level 3 spell: Conjure Flame
   339 | D:1      | Learned a level 3 spell: Mephitic Cloud
  1047 | D:2      | Reached XP level 4. HP: 30/30 MP: 2/8
  1139 | D:2      | Slain by an adder

Skill      XL: |  1  2  3 |
---------------+----------+-----
Conjurations   | 1 2 3 |  3.4
Dodging        | |  1.7
Stealth        | |  2.4
Spellcasting   | |  3.2
Summonings     | |  1.0
Translocations | |  0.8

Action                   |  1- 3 |  4- 6 || total
-------------------------+-------+-------++-------
Melee: Club              |    12 |       ||    12
       Flail             |     1 |       ||     1
 Cast: Magic Dart        |    60 |     9 ||    69
 Stab: Sleeping          |     1 |       ||     1
Armor: Robe              |     6 |     6 ||    12
Dodge: Dodged            |    19 |    16 ||    35
